 Dungeon Sprint DCSS version 0.24.0-1-gfbc8707 (webtiles) character file.

Game seed: 14347388208745169738, levelgen mode: deterministic

154791 Fang the Slayer (level 17, -4/138 HPs)
             Began as a Gargoyle Berserker on Nov 6, 2019.
             Was a High Priest of Trog.
             Slain by Ceisaone the pandemonium lord (17 damage)
             ... in the Dungeon (Sprint V: "Ziggurat Sprint").
             The game lasted 00:11:38 (3016 turns).

Fang the Slayer (Gargoyle Berserker)                Turns: 3016, Time: 00:11:38

Health: -4/138     AC: 61    Str: 28    XL:     17   Next: 63%
Magic:  17/17      EV: 16    Int:  8    God:    Trog [*****.]
Gold:   0          SH: 37    Dex: 17    Spells: 16/16 levels left

rFire    . . .     SeeInvis +   a - +9 broad axe (flame)
rCold    + + .     Gourm    .   E - +18 shield of the Gong {rElec rN+ MR+ EV-5}
rNeg     + + .     Faith    .   b - +15 Maxwell's patent armour {-Cast -Tele rElec MR+ rCorr}
rPois    ∞         Spirit   .   M - +2 hat {SInv}
rElec    +         Reflect  +   G - +2 cloak of Okawaru's Hope {rPois Dex+4}
rCorr    +         Harm     .   O - +3 pair of gauntlets of War {Slay+5}
MR       +++++     NoTele   +   A - +0 pair of boots of Wu Jian's Whim {MR+ Stlth+} Stlth ..........NoCast +
                                H - amulet of Juvvo {Reflect +Blink rC+ Int+4 SH+2}
HPRegen  1.33/turn              D - ring of Erphoxt {+Blink rC+ Int-4 Dex+2 Slay+3}
MPRegen  0.15/turn              o - ring of Huinukog {-Tele rCorr Dex+6 Slay+3 Stlth+}

@: flying, regenerating, studying 3 skills, silenced
A: big wings, clumsy 2, negative energy resistance 1, electricity resistance,
unbreathing, petrification resistance, rot immunity, AC +12
a: Stop Flying, Renounce Religion, Evoke Blink


You were in the Dungeon.
You worshipped Trog.
Trog was extremely pleased with you.
You were not hungry.

You visited 1 branch

Inventory:

Hand Weapons
 a - a +9 broad axe of flaming (weapon)
 L - a +5 antimagic broad axe
Armour
 b - the +15 Maxwell's patent armour (worn) {-Cast -Tele rElec MR+ rCorr}
   (You found it in the Dungeon)

   It insulates you from electricity.
   It affects your resistance to hostile enchantments.
   It prevents spellcasting.
   It prevents most forms of teleportation.
   It provides partial protection from all sources of acid and corrosion.
 A - the +0 pair of boots of Wu Jian's Whim (worn) {MR+ Stlth+}
   (You found it in the Dungeon)

   It affects your resistance to hostile enchantments.
   It makes you more stealthy.
 E - the +18 shield of the Gong (worn) {rElec rN+ MR+ EV-5}
   (You found it in the Dungeon)

   It affects your evasion (-5).
   It insulates you from electricity.
   It protects you from negative energy.
   It affects your resistance to hostile enchantments.
 G - the +2 cloak of Okawaru's Hope (worn) {rPois Dex+4}
   (You found it in the Dungeon)

   It affects your dexterity (+4).
   It protects you from poison.
 M - a +2 hat of see invisible (worn)
 N - the cursed +0 pair of gloves "Usmuxtuz" {Str+4 Int+2}
   (You found it in the Dungeon)

   It affects your strength (+4).
   It affects your intelligence (+2).
   It has a curse placed upon it.
 O - the +3 pair of gauntlets of War (worn) {Slay+5}
   (You found it in the Dungeon)

   It affects your accuracy and damage with ranged weapons and melee attacks
   (+5).
Jewellery
 g - an uncursed amulet of the gourmand
 o - the ring of Huinukog (right hand) {-Tele rCorr Dex+6 Slay+3 Stlth+}
   (You found it in the Dungeon)

   [ring of resist corrosion]

   It affects your dexterity (+6).
   It affects your accuracy and damage with ranged weapons and melee attacks
   (+3).
   It prevents most forms of teleportation.
   It provides partial protection from all sources of acid and corrosion.
   It makes you more stealthy.
 r - the ring "Midih" {rF++ MR+ Int+3 Dex-3 SInv}
   (You found it in the Dungeon)

   [ring of see invisible]

   It affects your intelligence (+3).
   It affects your dexterity (-3).
   It greatly protects you from fire.
   It affects your resistance to hostile enchantments.
   It lets you see invisible.
 x - a +5 amulet of reflection
 y - the ring "Giugaat" {rF+ Stlth-}
   (You found it in the Dungeon)

   [ring of attention]

   It protects you from fire.
   It makes you less stealthy.
 B - the amulet "Wekaoz" {Harm *Drain +Inv rN+ Str+3 Dex+3 Stlth-}
   (You found it in the Dungeon)

   [amulet of harm]

   It increases damage dealt and taken.
   It affects your strength (+3).
   It affects your dexterity (+3).
   It protects you from negative energy.
   It lets you turn invisible.
   It causes draining when unequipped.
   It makes you less stealthy.
 C - the ring "Weifiv" {+Fly rElec rPois rN+ SInv}
   (You found it in the Dungeon)

   [ring of poison resistance]

   It insulates you from electricity.
   It protects you from poison.
   It protects you from negative energy.
   It lets you see invisible.
   It lets you fly.
 D - the ring of Erphoxt (left hand) {+Blink rC+ Int-4 Dex+2 Slay+3}
   (You found it in the Dungeon)

   [ring of protection from cold]

   It affects your intelligence (-4).
   It affects your dexterity (+2).
   It affects your accuracy and damage with ranged weapons and melee attacks
   (+3).
   It protects you from cold.
   It lets you blink.
 F - the ring "Muluji" {Int+3 Dex+2}
   (You found it in the Dungeon)

   [ring of dexterity]

   It affects your intelligence (+3).
   It affects your dexterity (+2).
 H - the amulet of Juvvo (around neck) {Reflect +Blink rC+ Int+4 SH+2}
   (You found it in the Dungeon)

   [amulet of reflection]

   It shields you and reflects attacks.
   It affects your intelligence (+4).
   It protects you from cold.
   It lets you blink.
   It affects your SH (+2).
 I - the amulet of the Four Winds {rN+ MR+++ Clar}
   (You found it in the Dungeon)

   [amulet of nothing]

   It protects you from negative energy.
   It affects your resistance to hostile enchantments.
   It protects you against confusion.
 J - the ring "Zompu" {rElec rCorr}
   (You found it in the Dungeon)

   [ring of resist corrosion]

   It insulates you from electricity.
   It provides partial protection from all sources of acid and corrosion.
 U - the ring of Beogh's Envy {rPois rF+ MR- Dex+2}
   (You found it in the Dungeon)

   [ring of protection from fire]

   It affects your dexterity (+2).
   It protects you from fire.
   It protects you from poison.
   It affects your resistance to hostile enchantments.
 X - the ring of Phasing {EV+8}
   (You found it in the Dungeon)

   [ring of evasion]

   It affects your evasion (+8).
 Z - the ring of Tein {rF+ rC+ Str+3}
   (You found it in the Dungeon)

   [ring of protection from cold]

   It affects your strength (+3).
   It protects you from fire.
   It protects you from cold.
Wands
 u - a wand of disintegration (7)
 v - a wand of iceblast (7)
 w - a wand of acid (7)
Scrolls
 i - 4 scrolls of blinking
 j - 8 scrolls of fog
 k - 2 scrolls of holy word
 l - 2 scrolls of identify
 m - 5 scrolls of remove curse
 n - 2 scrolls of fear
 z - 4 scrolls of brand weapon
 K - 4 scrolls of enchant armour
Potions
 d - 10 potions of curing
 e - 9 potions of heal wounds
 f - 10 potions of haste
 h - 3 potions of berserk rage
 p - 2 potions of invisibility
 q - 4 potions of resistance
 s - 5 potions of agility
 t - 8 potions of might
Books
 P - a manual of Evocations
 S - a manual of Stealth
 T - a manual of Crossbows
Comestibles
 c - 5 rations


   Skills:
 * Level 26.4 Fighting
 * Level 23.0 Axes
 + Level 24.0 Armour
 + Level 19.5 Dodging
 * Level 20.0 Shields


You had 16 spell levels left.
You didn't know any spells.
Your spell library was empty.

Dungeon Overview and Level Annotations

Branches:
Dungeon (1/1)

Altars:
Ashenzari
Cheibriados
Dithmenos
Elyvilon
Fedhas
Gozag
Hepliaklqana
Kikubaaqudgha
Makhleb
Nemelex Xobeh
Okawaru
Qazlal
Ru
Sif Muna
Trog
Uskayaw
Vehumet
Wu Jian
Xom
Yredelemnul
Zin
The Shining One
Beogh
Jiyva
Lugonu


Innate Abilities, Weirdness & Mutations

You are resistant to torment.
Your stone body is resilient. (AC +12)
You are immune to poison.
Your large and strong wings let you fly indefinitely.
You resist negative energy. (rN+)
You are resistant to electric shocks. (rElec)
You can survive without breathing.
You are immune to petrification.
You are immune to rotting.
You are very clumsy. (Dex -4)


Message History

The jumping spider leaps!
You block the ufetubus's attack. x2
Niosuy hits you!
* * * LOW HITPOINT WARNING * * *
Niosuy freezes you.
* * * LOW HITPOINT WARNING * * *
Ziaffawn gestures.
Qullu hits you but does no damage. Space bends around you.
* * * LOW HITPOINT WARNING * * *
Qebla gestures.
Qebla's surroundings become eerily quiet.
You block Zixiplum's attack.
Fuonk gestures.
Plog hits you but does no damage.
The hell rat twitches its whiskers.
Cucuis gestures.
You eat one of the 6 rations.
That ration really hit the spot!
You block the ufetubus's attack. x2; Errevoun hits you!
* * * LOW HITPOINT WARNING * * *
Ceisaone hits you!
You die... :))}DD&6srr)r)) })"r242634srs=|

.§432&&&D4&4&..
..46&r&&6&4X3..
.°3Ds&&&&&&3s..
...X3&&&&&D2...
.X.44&&&&&4D...
.&..2D&@&232...
X.○X..&5&25....
.X.....55......
...▓.....3.▓...
.s ▓▓.....▓▓ ..
...▓.......▓...
...............
...............
.......©.......


You could see Bacoweym, Bomitsum, Caycw, Ceisaone, Cucuis, Emuoffisch
(invisible), Errevoun, Fuonk, Gurgh, Hes Aqen, Huimoq, Icuss, Ishrikape,
Lovvouch, Niosuy, Osusylov, Plog, Punkiz, Qebla, Qullu, Raf Xeor, Vauckaah,
Waliew, Xapawer, Xeez Uzur (invisible), Xelemm, Ycobraro, Ziaffawn (invisible),
Zixiplum, Zompokao, Zuipnes, a tentacled monstrosity, 2 iron dragons, 3 golden
dragons, 2 storm dragons, a monstrous demonspawn, 3 cacodemons, a hell beast, a
lorocyproca (invisible), a balrug, an infernal black sun, 2 blizzard demons, 2
demonspawn, 4 soul eaters, 3 demonic crawlers, 2 sun demons, an orange demon, 5
large abominations, 5 hellwings, a sixfirhy, a ynoxinul, 3 chaos spawn, a
jumping spider, a red devil, a tarantella, a redback, 6 hell rats and 4 ufetubi.

Vanquished Creatures
  An ancient lich (D)
  A juggernaut (shapeshifter) (D)
  A shard shrike (shapeshifter) (D)
  A caustic shrike (shapeshifter) (D)
  A lich (D)
  A quicksilver dragon (shapeshifter) (D)
  4 acid blobs (D)
  3 krakens (D)
  A tentacled starspawn (D)
  A thorn hunter (D)
  A shadow dragon (shapeshifter) (D)
  3 azure jellies (D)
  A nagaraja (D)
  A frost giant (shapeshifter) (D)
  A ghoul (D)
  A spriggan defender (D)
  An entropy weaver (shapeshifter) (D)
  5 vampire knights (D)
  A minotaur (shapeshifter) (D)
  A dire elephant (D)
  2 merfolk javelineers (D)
  8 death oozes (D)
  4 merfolk impalers (D)
  A mummy priest (D)
  6 great orbs of eyes (D)
  A naga warrior (D)
  A hydra (shapeshifter) (D)
  An alligator snapping turtle (D)
  A catoblepas (shapeshifter) (D)
  11 vault guards (D)
  3 hydras (D)
  An anaconda (D)
  2 anacondas (shapeshifter) (D)
  5 merfolk aquamancers (D)
  A spriggan air mage (D)
  2 satyrs (D)
  3 two-headed ogres (D)
  7 spriggan berserkers (D)
  A thrashing horror (D)
  3 vampire magi (D)
  A fire crab (shapeshifter) (D)
  An iron troll (shapeshifter) (D)
  A sea snake (shapeshifter) (D)
  5 skeletal warriors (D)
  2 deep trolls (shapeshifter) (D)
  2 spriggan druids (D)
  2 sea snakes (D)
  A harpy (D)
  2 lindwurms (shapeshifter) (D)
  2 wolf spiders (shapeshifter) (D)
  7 necromancers (D)
  5 ugly things (D)
  A shining eye (D)
  An oklob plant (D)
  A wolf spider (D)
  A cyclops (shapeshifter) (D)
  4 manticores (D)
  2 guardian serpents (D)
  6 black mambas (D)
  A guardian serpent (shapeshifter) (D)
  2 eyes of devastation (D)
  A water nymph (D)
  2 naga magi (D)
  An apocalypse crab (D)
  4 spiny frogs (D)
  4 komodo dragons (shapeshifter) (D)
  2 dryads (D)
  A komodo dragon (D)
  2 yaktaurs (D)
  2 guardian mummies (D)
  A merfolk (shapeshifter) (D)
  A jumping spider (shapeshifter) (D)
  A polar bear (shapeshifter) (D)
  A tyrant leech (shapeshifter) (D)
  A meliai (shapeshifter) (D)
  2 wind drakes (shapeshifter) (D)
  A wind drake (D)
  A troll (D)
  3 hornets (D)
  A blink frog (shapeshifter) (D)
  11 slime creatures (D)
  A hippogriff (D)
  A snapping turtle (D)
  A dream sheep (shapeshifter) (D)
  Sigmund (D)
  A redback (shapeshifter) (D)
  10 shadows (D)
  4 spriggans (D)
  A large abomination (D)
  A tarantella (shapeshifter) (D)
  2 yaks (D)
  A wyvern (shapeshifter) (D)
  A basilisk (shapeshifter) (D)
  A golden eye (shapeshifter) (D)
  2 golden eyes (D)
  2 basilisks (D)
  2 nagas (D)
  4 water moccasins (D)
  A soldier ant (shapeshifter) (D)
  A floating eye (D)
  A floating eye (shapeshifter) (D)
  3 porcupines (D)
  A black bear (D)
  An ogre (D)
  4 necrophages (D)
  A wolf (shapeshifter) (D)
  4 wolves (D)
  9 crocodiles (D)
  Blork the orc (D)
  3 bullfrogs (D)
  3 wights (D)
  Crazy Yiuf (D)
  9 jellies (D)
  An iron imp (D)
  Jessica (D)
  3 mummies (D)
  6 adders (D)
  A shadow imp (D)
  2 adder zombies (D)
  3 adder skeletons (D)
  2 bat skeletons (D)
  3 bat zombies (D)
  6 ball pythons (D)
  2 giant cockroach zombies (D)
  A jackal zombie (D)
  2 leopard gecko skeletons (D)
  2 quokka skeletons (D)
  A quokka zombie (D)
  A starspawn tentacle (D)
  12 tentacles (D)
316 creatures vanquished.

Vanquished Creatures (collateral kills)
  3 azure jellies (D)
  2 merfolk impalers (D)
  A death ooze (D)
  An alligator snapping turtle (D)
  A merfolk (D)
  2 slime creatures (D)
10 creatures vanquished.

Vanquished Creatures (others)
  A starspawn tentacle (D)
  15 tentacles (D)
16 creatures vanquished.

Grand Total: 342 creatures vanquished

Notes
Turn   | Place    | Note
-------+----------+-------------------------------------------
     0 | D        | Fang the Gargoyle Berserker began the quest for the Orb.
     0 | D        | Reached XP level 1. HP: 14/14 MP: 1/1
     6 | D        | Found a blossoming altar of Fedhas.
     7 | D        | Found the +6 Majin-Bo {vamp, Archmagi MP+6 Int+6}
     7 | D        | Found the +7 great mace "Firestarter" {inner flame, rF++}
     7 | D        | Found a transporter.
     7 | D        | Found a viscous altar of Jiyva.
     7 | D        | Found an ancient bone altar of Kikubaaqudgha.
     7 | D        | Found a hazy altar of Hepliaklqana.
     7 | D        | Found a corrupted altar of Lugonu.
     7 | D        | Found an opulent altar of Gozag.
     7 | D        | Found a burning altar of Makhleb.
    14 | D        | Found a sparkling altar of Nemelex Xobeh.
    14 | D        | Found an iron altar of Okawaru.
    14 | D        | Found a stormy altar of Qazlal.
    14 | D        | Found a sacrificial altar of Ru.
    18 | D        | Found the +9 heavy crossbow "Sniper" {velocity, Acc+∞ SInv}
    18 | D        | Found the +10 dark maul {crush}
    18 | D        | Found the +15 Maxwell's patent armour {-Cast -Tele rElec
                  | MR+ rCorr}
    18 | D        | Found the +18 shield of the Gong {rElec rN+ MR+ EV-5}
    18 | D        | Found the cursed +14 obsidian axe {chop, +Fly SInv *Curse}
    19 | D        | Found the +6 shillelagh "Devastator" {shatter}
    19 | D        | Found the +11 plutonium sword {*Contam Stlth-}
    19 | D        | Found the +8 lance "Wyrmbane" {slay drac, rPois rF+ rC+
                  | AC+3}
    19 | D        | Found the +9 sword of Zonguldrok {reap}
    19 | D        | Found the cursed +13 scythe of Curses {drain, *Curse}
    19 | D        | Found the +0 sword of Power
    19 | D        | Found the +7 mace of Variability {chain chaos}
    19 | D        | Found the +7 Singing Sword {slice, sonic wave}
    19 | D        | Found the +8 storm bow {elec, penet}
    23 | D        | Found a shimmering blue altar of Sif Muna.
    27 | D        | Found a bloodstained altar of Trog.
    83 | D        | Entered arena 2.
    83 | D        | Noticed a water moccasin
    83 | D        | Found a transporter.
    91 | D        | Killed a water moccasin
    91 | D        | Reached skill level 6 in Fighting
    91 | D        | Reached skill level 5 in Axes
    91 | D        | Reached skill level 5 in Armour
    91 | D        | Reached XP level 2. HP: 15/22 MP: 2/2
    91 | D        | Reached XP level 3. HP: 19/27 MP: 3/3
    91 | D        | Reached XP level 4. HP: 22/32 MP: 4/4
    97 | D        | Got the ring of Huinukog {-Tele rCorr Dex+6 Slay+3 Stlth+}
   249 | D        | Entered arena 3.
   249 | D        | Noticed a green ugly thing
   249 | D        | Noticed a blink frog
   249 | D        | Noticed a wyvern
   249 | D        | Found a transporter.
   252 | D        | Killed a wyvern
   252 | D        | Reached ** piety under Trog
   252 | D        | Reached skill level 7 in Fighting
   252 | D        | Reached skill level 5 in Dodging
   252 | D        | Reached XP level 5. HP: 38/38 MP: 5/5
   252 | D        | Reached XP level 6. HP: 44/44 MP: 6/6
   260 | D        | Killed a blink frog
   260 | D        | Reached skill level 8 in Fighting
   260 | D        | Reached XP level 7. HP: 50/50 MP: 7/7
   261 | D        | Killed a green ugly thing
   261 | D        | Reached skill level 9 in Fighting
   261 | D        | Reached XP level 8. HP: 57/57 MP: 8/8
   299 | D        | Entered arena 4.
   299 | D        | Found a transporter.
   300 | D        | Found the +3 robe of Clouds {+Thunder rCloud rElec}
   302 | D        | Reached *** piety under Trog
   318 | D        | Entered arena 5.
   318 | D        | Noticed Sigmund
   318 | D        | Noticed Jessica
   318 | D        | Noticed Blork the orc
   318 | D        | Noticed Crazy Yiuf
   318 | D        | Found a transporter.
   321 | D        | Killed Crazy Yiuf
   321 | D        | Received a gift from Trog
   321 | D        | Reached skill level 10 in Fighting
   321 | D        | Killed Jessica
   325 | D        | Killed Blork the orc
   325 | D        | Reached **** piety under Trog
   329 | D        | Killed Sigmund
   329 | D        | Reached skill level 10 in Armour
   334 | D        | Got the ring "Giugaat" {rF+ Stlth-}
   378 | D        | Entered arena 6.
   378 | D        | Noticed a troll
   378 | D        | Noticed a two-headed ogre
   378 | D        | Noticed a two-headed ogre
   378 | D        | Noticed a two-headed ogre
   378 | D        | Found a transporter.
   379 | D        | Found the +4 dagger "Morg" {pain, MR+ Int+5}
   383 | D        | Killed a two-headed ogre
   383 | D        | Reached skill level 11 in Fighting
   383 | D        | Reached XP level 9. HP: 64/64 MP: 9/9
   385 | D        | Killed a two-headed ogre
   385 | D        | Reached ***** piety under Trog
   385 | D        | Reached skill level 12 in Fighting
   385 | D        | Reached skill level 10 in Axes
   387 | D        | Killed a two-headed ogre
   387 | D        | Killed a troll
   387 | D        | Reached XP level 10. HP: 72/72 MP: 10/10
   438 | D        | Got the amulet "Wekaoz" {Harm *Drain +Inv rN+ Str+3 Dex+3
                  | Stlth-}
   449 | D        | Entered arena 7.
   449 | D        | Noticed a mummy priest
   450 | D        | Found a transporter.
   461 | D        | Reached skill level 10 in Dodging
   463 | D        | Received a gift from Trog
   464 | D        | Killed a mummy priest
   464 | D        | Reached skill level 13 in Fighting
   464 | D        | Noticed a reaper
   574 | D        | Entered arena 8.
   574 | D        | Noticed a thrashing horror
   574 | D        | Noticed an apocalypse crab
   574 | D        | Noticed a tentacled starspawn
   575 | D        | Found a transporter.
   579 | D        | Killed a thrashing horror
   582 | D        | Killed a tentacled starspawn
   582 | D        | Reached skill level 14 in Fighting
   582 | D        | Reached XP level 11. HP: 80/80 MP: 11/11
   584 | D        | Reached ****** piety under Trog
   587 | D        | Received a gift from Trog
   603 | D        | Got the +2 cloak of Okawaru's Hope {rPois Dex+4}
   626 | D        | Entered arena 9.
   626 | D        | Noticed a brown ugly thing
   626 | D        | Noticed a brown ugly thing
   626 | D        | Noticed a green ugly thing
   626 | D        | Noticed a white ugly thing
   627 | D        | Found the +8 demon blade "Leech" {vamp, rN+ AC-3 EV-3}
   627 | D        | Found the +8 demon blade "Bloodbane" {slice, *Rage +Rage
                  | Stlth-}
   627 | D        | Found a transporter.
   632 | D        | Killed a green ugly thing
   633 | D        | Killed a white ugly thing
   636 | D        | Killed a green ugly thing
   637 | D        | Killed a green ugly thing
   637 | D        | Received a gift from Trog
   638 | D        | Reached skill level 15 in Fighting
   650 | D        | Got the amulet of Juvvo {Reflect +Blink rC+ Int+4 SH+2}
   693 | D        | Entered arena 10.
   694 | D        | Found the amulet of the Four Winds {rN+ MR+++ Clar}
   694 | D        | Found a transporter.
   696 | D        | Received a gift from Trog
   703 | D        | Reached skill level 15 in Armour
   704 | D        | Received a gift from Trog
   718 | D        | Got the ring of Erphoxt {+Blink rC+ Int-4 Dex+2 Slay+3}
   722 | D        | Entered arena 11.
   722 | D        | Noticed a spriggan druid
   722 | D        | Noticed a spriggan rider
   723 | D        | Found a transporter.
   729 | D        | Killed a spriggan druid
   729 | D        | Received a gift from Trog
   744 | D        | Got the ring "Echad" {rPois Int+5}
   846 | D        | Entered arena 12.
   846 | D        | Noticed a vampire knight
   846 | D        | Identified the ring of Axzonopp {rPois rCorr}
   846 | D        | Noticed a vampire knight
   848 | D        | Noticed a necromancer
   848 | D        | Noticed a skeletal warrior
   848 | D        | Noticed a skeletal warrior
   855 | D        | Killed a vampire knight
   855 | D        | Received a gift from Trog
   858 | D        | Killed a necromancer
   858 | D        | Reached XP level 12. HP: 88/88 MP: 12/12
   859 | D        | Reached skill level 16 in Fighting
   865 | D        | Killed a vampire knight
   865 | D        | Received a gift from Trog
   874 | D        | Found a transporter.
   973 | D        | Entered arena 13.
   973 | D        | Noticed a nagaraja
   974 | D        | Noticed a naga warrior
   978 | D        | Received a gift from Trog
   983 | D        | Killed a naga warrior
   983 | D        | Killed a nagaraja
   983 | D        | Reached skill level 17 in Fighting
   983 | D        | Received a gift from Trog
  1018 | D        | Found a transporter.
  1045 | D        | Entered arena 14.
  1046 | D        | Noticed an eight-headed hydra
  1046 | D        | Noticed a five-headed hydra
  1047 | D        | Found the +3 pair of gauntlets of War {Slay+5}
  1048 | D        | Found a transporter.
  1051 | D        | Killed a six-headed hydra
  1055 | D        | Killed a one-headed hydra
  1055 | D        | Reached skill level 15 in Axes
  1055 | D        | Received a gift from Trog
  1082 | D        | Got the ring "Ulet" {rPois MP+9}
  1093 | D        | Got the cursed +0 pair of gloves "Usmuxtuz" {Str+4 Int+2}
  1120 | D        | Reached skill level 1 in Shields
  1120 | D        | Reached XP level 13. HP: 96/96 MP: 13/13
  1127 | D        | Entered arena 15.
  1128 | D        | Noticed a vault guard
  1128 | D        | Noticed a vault guard
  1128 | D        | Noticed a vault guard
  1128 | D        | Noticed a vault guard
  1128 | D        | Noticed a vault guard
  1128 | D        | Noticed a vault guard
  1128 | D        | Noticed a vault guard
  1129 | D        | Identified the cursed +1 arbalest "Miumoc" {freeze, MR+}
  1129 | D        | Noticed a vault guard
  1129 | D        | Noticed a vault guard
  1129 | D        | Noticed a vault guard
  1129 | D        | Noticed a vault guard
  1130 | D        | Found a transporter.
  1133 | D        | Killed a vault guard
  1134 | D        | Killed a vault guard
  1134 | D        | Gained mutation: Your large and strong wings let you fly
                  | indefinitely. [Gargoyle growth]
  1134 | D        | Reached XP level 14. HP: 103/103 MP: 14/14
  1140 | D        | Reached skill level 18 in Fighting
  1142 | D        | Received a gift from Trog
  1150 | D        | Received a gift from Trog
  1193 | D        | Got the ring "Midih" {rF++ MR+ Int+3 Dex-3 SInv}
  1199 | D        | Got the +0 pair of boots of Wu Jian's Whim {MR+ Stlth+}
  1289 | D        | Entered arena 16.
  1291 | D        | Noticed an azure jelly
  1291 | D        | Noticed an acid blob
  1292 | D        | Found a transporter.
  1298 | D        | Received a gift from Trog
  1298 | D        | Reached skill level 15 in Dodging
  1301 | D        | Reached skill level 19 in Fighting
  1304 | D        | Killed an azure jelly
  1304 | D        | Killed an acid blob
  1321 | D        | Got the ring "Zompu" {rElec rCorr}
  1362 | D        | Entered arena 17.
  1366 | D        | Noticed a lich
  1367 | D        | Received a gift from Trog
  1368 | D        | Found a transporter.
  1374 | D        | Received a gift from Trog
  1379 | D        | Killed a lich
  1463 | D        | Entered arena 18.
  1471 | D        | Received a gift from Trog
  1475 | D        | Gained mutation: You are clumsy. (Dex -2) [a shining eye]
  1477 | D        | Reached skill level 20 in Fighting
  1477 | D        | Gained mutation: You are very clumsy. (Dex -4) [a shining
                  | eye]
  1480 | D        | Received a gift from Trog
  1486 | D        | Found a transporter.
  1527 | D        | Got the ring "Weifiv" {+Fly rElec rPois rN+ SInv}
  1529 | D        | Got the ring "Muluji" {Int+3 Dex+2}
  1600 | D        | Entered arena 19.
  1608 | D        | Received a gift from Trog
  1612 | D        | Reached XP level 15. HP: 112/112 MP: 15/15
  1614 | D        | Received a gift from Trog
  1618 | D        | Received a gift from Trog
  1621 | D        | Found a transporter.
  1784 | D        | Entered arena 20.
  1789 | D        | Noticed a thorn hunter
  1790 | D        | Identified the +6 scimitar of Exquisite Torment {vamp, rC+
                  | Dex+3 Stlth+}
  1797 | D        | Received a gift from Trog
  1804 | D        | Reached skill level 21 in Fighting
  1805 | D        | Killed a thorn hunter
  1805 | D        | Received a gift from Trog
  1814 | D        | Received a gift from Trog
  1820 | D        | Received a gift from Trog
  1993 | D        | Found a transporter.
  2046 | D        | Entered arena 21.
  2050 | D        | Noticed an azure jelly
  2050 | D        | Noticed an azure jelly
  2052 | D        | Noticed an acid blob
  2052 | D        | Noticed an acid blob
  2052 | D        | Noticed an azure jelly
  2055 | D        | Killed an azure jelly
  2055 | D        | Noticed an azure jelly
  2055 | D        | Noticed an acid blob
  2056 | D        | Noticed an azure jelly
  2057 | D        | Killed an azure jelly
  2057 | D        | Paralysed by a floating eye for 3 turns
  2062 | D        | Killed an acid blob
  2062 | D        | Received a gift from Trog
  2062 | D        | Reached skill level 5 in Shields
  2063 | D        | Killed an acid blob
  2063 | D        | Reached skill level 22 in Fighting
  2064 | D        | Killed an azure jelly
  2065 | D        | Paralysed by a floating eye for 3 turns
  2067 | D        | Killed an azure jelly
  2072 | D        | Killed an azure jelly
  2072 | D        | Received a gift from Trog
  2074 | D        | Killed an acid blob
  2074 | D        | Reached XP level 16. HP: 94/124 MP: 16/16
  2075 | D        | Received a gift from Trog
  2080 | D        | Found a transporter.
  2101 | D        | Got the ring of Beogh's Envy {rPois rF+ MR- Dex+2}
  2314 | D        | Entered arena 22.
  2318 | D        | Noticed a kraken
  2319 | D        | Noticed a kraken
  2319 | D        | Noticed a kraken
  2319 | D        | Identified the +5 flail "Faemuraw" {crush, *Slow Str+9}
  2337 | D        | Killed a kraken
  2337 | D        | Received a gift from Trog
  2337 | D        | Reached skill level 10 in Shields
  2338 | D        | Reached skill level 23 in Fighting
  2347 | D        | Killed a kraken
  2348 | D        | Received a gift from Trog
  2357 | D        | Received a gift from Trog
  2359 | D        | Killed a kraken
  2380 | D        | Received a gift from Trog
  2400 | D        | Identified the +2 battleaxe of the Briny Deep {vamp, Str+4}
                  | (Trog gifted it to you in the Dungeon)
  2439 | D        | Found a transporter.
  2606 | D        | Entered arena 23.
  2608 | D        | Received a gift from Trog
  2620 | D        | Received a gift from Trog
  2622 | D        | Reached skill level 24 in Fighting
  2623 | D        | Noticed an ancient lich
  2626 | D        | Received a gift from Trog
  2627 | D        | Found the +8 mithril axe "Arga" {speed, MR+}
  2629 | D        | Received a gift from Trog
  2635 | D        | Received a gift from Trog
  2640 | D        | Received a gift from Trog
  2642 | D        | Killed an ancient lich
  2642 | D        | Reached skill level 15 in Shields
  2646 | D        | Received a gift from Trog
  2697 | D        | Found a transporter.
  2742 | D        | Entered arena 24.
  2752 | D        | Noticed a juggernaut
  2753 | D        | a juggernaut changed into an iron dragon
  2754 | D        | Received a gift from Trog
  2755 | D        | Noticed a shard shrike
  2757 | D        | Reached XP level 17. HP: 134/134 MP: 17/17
  2757 | D        | Noticed a caustic shrike
  2757 | D        | an iron dragon changed into a caustic shrike
  2757 | D        | Noticed a titan
  2757 | D        | a shard shrike changed into a titan
  2765 | D        | a caustic shrike changed into a shadow dragon
  2765 | D        | Noticed a shard shrike
  2765 | D        | a titan changed into a shard shrike
  2766 | D        | Killed a shard shrike
  2766 | D        | Reached skill level 25 in Fighting
  2767 | D        | Noticed a juggernaut
  2767 | D        | Noticed a sphinx
  2768 | D        | Noticed a juggernaut
  2769 | D        | Received a gift from Trog
  2769 | D        | a sphinx changed into an azure jelly
  2769 | D        | Noticed a caustic shrike
  2769 | D        | an iron dragon changed into a caustic shrike
  2770 | D        | Noticed a titan
  2771 | D        | a titan changed into a frost giant
  2773 | D        | a juggernaut changed into an iron dragon
  2775 | D        | Noticed a golden dragon
  2775 | D        | a frost giant changed into a golden dragon
  2775 | D        | Noticed an acid blob
  2775 | D        | a shadow dragon changed into an acid blob
  2777 | D        | Received a gift from Trog
  2777 | D        | Noticed a caustic shrike
  2777 | D        | a golden dragon changed into a caustic shrike
  2777 | D        | Noticed a golden dragon
  2777 | D        | an acid blob changed into a golden dragon
  2779 | D        | a caustic shrike changed into an alligator snapping turtle
  2782 | D        | Killed a juggernaut
  2786 | D        | Received a gift from Trog
  2788 | D        | a golden dragon changed into a shadow dragon
  2790 | D        | Killed a caustic shrike
  2790 | D        | Reached skill level 26 in Fighting
  2790 | D        | Noticed a quicksilver dragon
  2790 | D        | an alligator snapping turtle changed into a quicksilver
                  | dragon
  2794 | D        | Received a gift from Trog
  2800 | D        | Killed a quicksilver dragon
  2806 | D        | Found the ring of Phasing {EV+8}
  2806 | D        | Found a transporter.
  2809 | D        | Received a gift from Trog
  2873 | D        | Got the ring of Tein {rF+ rC+ Str+3}
  2997 | D        | Entered arena 25.
  3004 | D        | Noticed Plog the pandemonium lord
  3004 | D        | Noticed Raf Xeor the pandemonium lord
  3004 | D        | Noticed Ziaffawn the pandemonium lord
  3004 | D        | Noticed Niosuy the pandemonium lord
  3004 | D        | Noticed Lovvouch the pandemonium lord
  3004 | D        | Noticed Icuss the pandemonium lord
  3004 | D        | Noticed Xelemm the pandemonium lord
  3004 | D        | Noticed Emuoffisch the pandemonium lord
  3004 | D        | Noticed Qebla the pandemonium lord
  3004 | D        | Noticed Gurgh the pandemonium lord
  3004 | D        | Noticed Lado the pandemonium lord
  3005 | D        | Noticed Qullu the pandemonium lord
  3005 | D        | Noticed Errevoun the pandemonium lord
  3005 | D        | Noticed Punkiz the pandemonium lord
  3005 | D        | Identified the +10 halberd of Camud {freeze, Str+3}
  3005 | D        | Noticed Huimoq the pandemonium lord
  3005 | D        | Noticed Hes Aqen the pandemonium lord
  3005 | D        | Noticed Xeez Uzur the pandemonium lord
  3005 | D        | Noticed Ceisaone the pandemonium lord
  3005 | D        | Noticed Zuipnes the pandemonium lord
  3005 | D        | Noticed Ishrikape the pandemonium lord
  3005 | D        | Noticed Vauckaah the pandemonium lord
  3005 | D        | Noticed Ycobraro the pandemonium lord
  3005 | D        | Noticed Bacoweym the pandemonium lord
  3005 | D        | Noticed Bomitsum the pandemonium lord
  3005 | D        | Noticed Zixiplum the pandemonium lord
  3006 | D        | Found the +7 captain's cutlass {speed, disarm}
  3006 | D        | Noticed a golden dragon
  3006 | D        | Noticed Fuonk the pandemonium lord
  3006 | D        | Noticed Caycw the pandemonium lord
  3007 | D        | Noticed a golden dragon
  3007 | D        | Noticed Waliew the pandemonium lord
  3008 | D        | Noticed Cucuis the pandemonium lord
  3008 | D        | Noticed Osusylov the pandemonium lord
  3009 | D        | Noticed a golden dragon
  3009 | D        | Noticed Zompokao the pandemonium lord
  3010 | D        | Noticed Xapawer the pandemonium lord
  3015 | D        | Noticed a tentacled monstrosity
  3016 | D        | Slain by Ceisaone the pandemonium lord

Levels and vault maps discovered:
D:        sprint_v [room_start, room_1, room_2, room_3, room_4, room_5, room_6,
          room_7, room_8, room_9, room_10, room_11, room_12, room_13, room_14,
          room_15, room_16, room_17, room_18, room_19, room_20, room_21,
          room_22, room_23, room_24, room_25, room_26, room_27]

Skill      XL: |  1  2  3  4  5  6  7  8  9 10 11 12 13 14 15 16 17 |
---------------+----------------------------------------------------+-----
Fighting       | 6 7 8 9 11 12 14 15 17 20 22 24 26 | 26.4
Axes           | 5 6 7 8 9 10 12 13 15 17 19 21 23 | 23.0
Armour         | 5 7 8 9 11 12 14 15 17 20 21 23 24 | 24.0
Dodging        | 4 5 6 7 8 9 11 12 13 14 16 17 18 19 | 19.5
Shields        | 1 9 15 20 | 20.0

Action                   |  1- 3 |  4- 6 |  7- 9 | 10-12 | 13-15 | 16-18 || total
-------------------------+-------+-------+-------+-------+-------+-------++-------
Melee: Broad axe         |     6 |     9 |    18 |    94 |   123 |   153 ||   403
Invok: Berserk           |     1 |     1 |     2 |     6 |     7 |     3 ||    20
       Brothers in Arms  |       |       |       |       |     1 |     4 ||     5
       Trog's Hand       |       |       |       |       |     1 |     2 ||     3
 Abil: Fly               |       |       |       |       |       |     1 ||     1
  Use: Scroll            |       |       |       |     7 |       |     1 ||     8
       Potion            |       |       |       |     1 |       |     2 ||     3
  Eat: Chunk             |       |       |     1 |     6 |     5 |     4 ||    16
       Ration            |       |       |       |     1 |     1 |     2 ||     4
Armor: Plate armour      |     5 |     3 |    12 |    62 |    84 |   110 ||   276
Dodge: Dodged            |       |     1 |     2 |    19 |    28 |    68 ||   118
Block: Shield            |    15 |     9 |    29 |   131 |   122 |   293 ||   599
       Reflection        |       |       |       |     5 |     3 |     7 ||    15
